 Dungeon Crawl Stone Soup version 0.27.1-33-g824d729ab1 (webtiles) character file.

Game seed: 8622188872152649031

620 zeram the Poker (level 7, -5/52 HPs)
             Began as a Merfolk Fighter on Nov 28, 2021.
             Killed from afar by an orc wizard (8 damage)
             ... with a puff of flame
             ... on level 4 of the Dungeon.
             The game lasted 00:07:25 (4432 turns).

zeram the Poker (Merfolk Fighter)                   Turns: 4432, Time: 00:07:25

Health: -5/52      AC:  7    Str: 17    XL:     7   Next: 46%
Magic:  7/7        EV: 14    Int:  9    God:
Gold:   138        SH:  5    Dex: 13    Spells: 6/6 levels left

rFire    . . .     SeeInvis .   d - +2 flail (vorpal)
rCold    . . .     Faith    .   m - +0 buckler
rNeg     . . .     Spirit   .   h - +0 leather armour
rPois    .         Reflect  .   (no helmet)
rElec    .         Harm     .   (no cloak)
rCorr    .         Rampage  .   (no gloves)
Will     .....                  (no boots)
Stlth    +.........             (no amulet)
HPRegen  0.17/turn              e - +4 ring of protection
MPRegen  0.10/turn              (no ring)

@: weak-willed
A: (nimble swimmer 2), mertail
a: no special abilities


You were on level 4 of the Dungeon.
You visited 1 branch of the dungeon, and saw 4 of its levels.

You collected 138 gold pieces.

Inventory:

Hand Weapons
 a - a +0 trident
 d - a +2 vorpal flail (weapon)
Missiles
 f - 32 stones (quivered)
Armour
 b - a +0 scale mail
 c - a +0 kite shield
 h - a +0 leather armour (worn)
 m - a +0 buckler (worn)
Jewellery
 e - a +4 ring of protection (left hand)
Wands
 g - a wand of digging (5)
 l - a wand of polymorph (6)
Scrolls
 k - a scroll of identify
Potions
 i - a potion of degeneration
 o - a potion of magic


   Skills:
 - Level 3.2 Fighting
 + Level 0.7 Maces & Flails
 - Level 7.2 Polearms
 - Level 2.1 Armour
 * Level 5.8 Dodging
 - Level 4.0 Shields
 * Level 2.8 Summonings


You had 6 spell levels left.
You didn't know any spells.
Your spell library contained the following spells:

 Spells                   Type           Power      Damage    Failure   Level
 Magic Dart               Conj           0%         1d3       43%         1
 Searing Ray              Conj           0%         3d3       58%         2
 Fulminant Prism          Conj/Hex       0%         3d6       99%         4
 Summon Forest            Summ/Tloc      1%         N/A       100%        5
 Eringya's Noxious Bog    Tmut/Pois      0%         N/A       100%        6
 Summon Hydra             Summ           2%         N/A       100%        7


Dungeon Overview and Level Annotations

Branches:
Dungeon (4/15)
 Temple: D:4-7

Altars:
Ru

Shops:
D:4 :


Innate Abilities, Weirdness & Mutations

((You are quick and stealthy near water. (Stealth+, EV+, Speed+++)))
Your lower body shifts to a powerful aquatic tail in water.


Message History

The orc priest hits you with a +0 long sword.
The orc priest hits you with a +0 whip.
You barely miss the orc priest. The orc priest hits you with a +0 whip.
Something hits you.
You hit the orc priest.
The orc priest is moderately wounded.
The orc priest hits you but does no damage.
The orc priest calls down the wrath of Beogh upon you.
Beogh smites you! Something hits you.
* * * LOW HITPOINT WARNING * * *
The orc priest hits you with a +0 whip.
* * * LOW HITPOINT WARNING * * *
Okay, then.
You hit the orc priest.
The orc priest is severely wounded.
You block the orc priest's attack. Something hits you.
* * * LOW HITPOINT WARNING * * *
You block the orc priest's attack. The orc priest closely misses you.
Something hits you but does no damage.
You sock the orc priest!
You kill the orc priest!
The orc priest hits you with a +0 long sword!
* * * LOW HITPOINT WARNING * * *
You hear some strange, mumbled words.
Something tries to affect you, but you resist.
The orc priest barely misses you. Something hits you but does no damage.
Things that are here:
a +0 whip; a +0 chain mail Unknown command.
Okay, then.
As you read the scroll labelled WUXTOT ULIL, it crumbles to dust.
Magic quickly surges around you.
It was a scroll of vulnerability.
The orc priest hits you but does no damage.
Something barely misses you.
Okay, then.
Okay, then.
Okay, then.
A puff of flame appears from out of thin air!
The puff of flame hits you!
You die...

##.#..#....#..##..........
####...##...............#
##.........####...##..
##..$....## ###....#.
##........####......#.
###.....................
##.......................
#.....>................##
##..###.@...........#.###
#....##.#..........#.##.
##...#####{.........รท.[.
#.....##...............
##......).o.........##.#
#.......................
#..........##.###.......
##......................
#..............#..#.....


There were no monsters in sight!

Vanquished Creatures
  Edmund (D:4)
  A phantom (D:3)
  A water moccasin skeleton (D:4)
  A jelly (D:4)
  2 orc priests (D:4)
  A hound (D:4)
  A centaur skeleton (D:4)
  Natasha (thrice) (D:3)
  2 orc wizards
  3 adders
  A worm (D:3)
  2 dart slugs
  8 orcs
  4 ball pythons
  6 bats
  5 endoplasms
  A giant cockroach (D:1)
  4 goblins
  5 hobgoblins
  10 jackals
  2 quokkas
  3 frilled lizards
  4 kobolds
  3 rats
74 creatures vanquished.

Notes
Turn   | Place    | Note
-------+----------+-------------------------------------------
     0 | D:1      | zeram the Merfolk Fighter began the quest for the Orb.
     0 | D:1      | Reached XP level 1. HP: 18/18 MP: 1/1
    28 | D:1      | Reached skill level 1 in Dodging
    32 | D:1      | Reached XP level 2. HP: 9/24 MP: 2/2
   551 | D:1      | Found a faded altar of an unknown god.
   713 | D:2      | Reached XP level 3. HP: 29/29 MP: 3/3
   724 | D:2      | Found a sacrificial altar of Ru.
  1489 | D:3      | Reached skill level 4 in Polearms
  1601 | D:3      | Reached XP level 4. HP: 35/35 MP: 4/4
  1656 | D:3      | Noticed Natasha
  1671 | D:3      | Killed Natasha
  1745 | D:3      | Noticed Natasha
  1756 | D:3      | Killed Natasha
  1972 | D:3      | Reached skill level 5 in Polearms
  2185 | D:3      | Noticed Natasha
  2195 | D:3      | Killed Natasha
  2196 | D:3      | Reached XP level 5. HP: 29/41 MP: 5/5
  2459 | D:4      | Noticed a phantom
  2466 | D:4      | Reached skill level 1 in Summonings
  2748 | D:3      | Killed a phantom
  2749 | D:3      | Reached skill level 6 in Polearms
  2749 | D:3      | Reached XP level 6. HP: 35/47 MP: 6/6
  2962 | D:4      | Noticed Edmund
  3170 | D:4      | Killed Edmund
  3171 | D:4      | Reached skill level 7 in Polearms
  3177 | D:4      | Reached XP level 7. HP: 20/52 MP: 7/7
  3479 | D:4      | Reached skill level 5 in Dodging
  3536 | D:4      | HP: 2/52 [orc priest/divine providence (10)]
  3848 | D:4      | Found Xoran's Book Boutique.
  4425 | D:4      | HP: 1/52 [orc priest (7)]
  4432 | D:4      | Killed from afar by an orc wizard

Illustrated notes

Levels and vault maps discovered:
D:1:      amcnicky_arrival_wind_blow, layout_rooms,
          ebering_ecumenical_altar_webs
D:2:      layout_rooms, basic_altar, kennysheep_generic_room_13
D:3:      layout_basic, uniq_natasha
D:4:      layout_cave_pools, serial_shops, nicolae_shop_window_shopping,
          uniq_edmund

Skill      XL: |  1  2  3  4  5  6  7 |
---------------+----------------------+-----
Dodging        | 1 2 3 4 5 |  5.8
Polearms       | 4 5 6 7 |  7.2
Shields        | 4 |  4.0
Summonings     | 1 2 |  2.8
Fighting       | |  3.2
Maces & Flails | |  0.7
Armour         | |  2.1

Action                   |  1- 3 |  4- 6 |  7- 9 || total
-------------------------+-------+-------+-------++-------
Melee: Trident           |   155 |   144 |       ||   299
       Flail             |       |     2 |    43 ||    45
  Use: Scroll            |     6 |     5 |     3 ||    14
       Potion            |       |     4 |     3 ||     7
 Stab: Invisible         |       |     3 |       ||     3
Armor: Scale mail        |    77 |    28 |       ||   105
       Leather armour    |       |     4 |    25 ||    29
Dodge: Dodged            |    68 |    59 |    19 ||   146
Block: Kite shield       |    98 |    20 |       ||   118
       Buckler           |       |    28 |    15 ||    43
